Map: Eastwatch LE

Players

RagnaroK (SHIN) - Winner!

  • Race: Zerg Zerg
  • Spawn Location: 1:00

BlueCheese

  • Race: Terran Terran
  • Spawn Location: 7:00

Event: IEM Season 12 - Katowice

VOD

Have the link to the VOD?

Description

Time

  • Played on: Feb. 27, 2018, 11 a.m.
  • Length: 6:31

All games in this series

Show
View Real Time Build Order
Export as new Build Order

RagnaroK Zerg - Winner!

Build Orders: Pool First 

Get SALT Encoding   

  12  0:00  Drone  
  13  0:08  Drone  
  14  0:17  Overlord  
  14  0:21  Extractor  
  14  0:22  Drone  
  16  0:35  Drone x2  
  16  0:42  Extractor  
  16  0:43  Drone  
  17  0:50  Spawning Pool  
  17  0:55  Drone  
  17  1:11  Drone  
  18  1:20  Hatchery  
  17  1:36  Zergling x2  
  17  1:37  Zergling x4  
  20  1:41  Metabolic Boost  
  20  1:49  Queen  
  22  1:56  Overlord  
  22  2:15  Drone x2  
  24  2:29  Drone  
  25  2:32  Queen  
  25  2:33  Drone  
  25  2:34  Zergling x2  
  29  2:42  Overlord  
  29  2:49  Drone  
  30  2:52  Drone  
  30  2:54  Drone  
  32  2:58  Drone x2  
  32  2:59  Drone  
  32  3:04  Drone  
  32  3:05  Drone  
  37  3:09  Queen  
  39  3:17  Hatchery  
  39  3:19  Drone  
  39  3:24  Queen  
  41  3:28  Overlord  
  41  3:32  Drone x2  
  43  3:38  Drone  
  44  3:43  Overlord  
  44  3:47  Drone x2  
  46  3:50  Evolution Chamber  
  46  3:51  Drone x3  
  46  3:53  Queen  
  50  3:58  Overlord  
  50  4:02  Queen  
  52  4:06  Drone  
  52  4:08  Drone  
  54  4:11  Baneling Nest  
  54  4:16  Overlord  
  53  4:18  Drone  
  53  4:23  Drone, Overlord  
  55  4:24  Overlord  
  55  4:26  Zerg Ground Armor Level 1  
  55  4:29  Extractor  
  55  4:30  Drone  
  55  4:34  Drone  
  55  4:35  Drone x4  
  60  4:39  Zergling x2  
  60  4:40  Zergling x2  
  62  4:46  Zergling x4  
  62  4:50  Overlord  
  64  4:54  Spore Crawler  
  64  4:56  Spore Crawler, Zergling x4  
  63  5:00  Zergling x6  
  63  5:03  Zergling x4  
  63  5:04  Zergling x4  
  70  5:09  Zergling x10  
  75  5:16  Drone  
  75  5:17  Baneling x2  
  75  5:18  Baneling x5  
  75  5:20  Drone  
  75  5:21  Spore Crawler  
  76  5:24  Drone x2  
  78  5:31  Overlord  
  78  5:33  Zergling x8  
  68  5:44  Zergling x4  
  68  5:45  Zergling x12  
  75  5:52  Zergling x2  
  75  5:54  Baneling  
  75  5:55  Baneling x9  
  76  5:58  Zergling x4  
  76  6:02  Overlord  
  78  6:05  Zergling x2  
  78  6:06  Baneling x2  
  78  6:08  Zergling x2  
  78  6:09  Zergling x2  
Show
View Real Time Build Order
Export as new Build Order

BlueCheese Terran 

Build Orders: Reaper Expand 

Get SALT Encoding   

  12  0:00  SCV  
  13  0:12  SCV  
  14  0:17  Supply Depot  
  14  0:24  SCV  
  15  0:38  SCV  
  15  0:39  Barracks  
  16  0:44  Refinery  
  16  0:50  SCV  
  17  1:03  SCV  
  18  1:15  SCV  
  19  1:26  Reaper  
  19  1:29  Orbital Command  
  20  1:40  Command Center  
  20  1:48  Supply Depot  
  20  1:55  SCV  
  20  1:58  Marine  
  22  2:07  SCV  
  23  2:11  Factory  
  23  2:19  SCV  
  23  2:20  Barracks Reactor  
  24  2:31  SCV  
  25  2:39  Bunker  
  25  2:43  SCV  
  25  2:50  Command Center  
  24  2:55  SCV  
  24  2:58  Marine x2  
  27  3:05  Supply Depot  
  27  3:07  SCV  
  27  3:10  Hellion  
  27  3:12  Starport  
  30  3:15  Marine  
  30  3:19  Refinery  
  31  3:26  SCV, Marine  
  33  3:31  Hellion  
  35  3:39  SCV  
  36  3:47  Viking  
  38  3:51  SCV  
  39  4:02  Hellion x2  
  42  4:05  SCV  
  42  4:07  Barracks Tech Lab  
  43  4:15  Armory  
  43  4:17  SCV, Medivac  
  43  4:23  Hellion x2  
  50  4:26  Orbital Command  
  50  4:29  SCV, Marine  
  52  4:40  Supply Depot  
  52  4:41  Supply Depot, SCV  
  53  4:51  SCV  
  54  5:01  SCV  
  54  5:03  SCV  
  54  5:04  Command Center  
  54  5:05  Supply Depot  
  56  5:16  Barracks  
  56  5:17  SCV x2  
  56  5:18  Barracks  
  56  5:19  Factory Reactor  
  58  5:29  SCV x2  
  59  5:41  SCV x2  
  47  5:49  Marine  
  48  5:53  SCV x2  
  50  6:00  Engineering Bay  
  50  6:02  Engineering Bay  
  50  6:05  SCV x2, Marine x2  
  50  6:07  Marine  
  50  6:08  Factory Reactor  
  51  6:17  SCV  

Tags
 
Add a new tag
Caveats
  • Supply blocks, unpowered buildings, or Contaminate may cause inaccurate times.
  • Supply counts are checked every 10 seconds.